 Dungeon Crawl Stone Soup version 0.30-a0-241-g1121274140 (webtiles) character file.

Game seed: 6823051185648873517

55 KennySheep the Insei (level 3, -1/28 HPs)
             Began as a Demigod Transmuter on Oct 10, 2022.
             Slain by a ball python (2 damage)
             ... in a sewer.
             The game lasted 00:07:48 (1683 turns).

KennySheep the Insei (Demigod Transmuter)           Turns: 1683, Time: 00:07:48

Health: -1/28      AC:  2    Str: 10 (11) XL:     3   Next: 45%
Magic:  7/8        EV: 12    Int: 18 (19) God:
Gold:   91         SH:  0    Dex: 11 (14) Spells: 1/6 levels left

rFire   . . .      SeeInvis .      - Unarmed
rCold   . . .      Faith    .    (no shield)
rNeg    . . .      Spirit   .    a - +0 robe
rPois   .          Reflect  .    (no helmet)
rElec   .          Harm     .    (no cloak)
rCorr   .          Rampage  .    (no gloves)
Will    .....                    (no boots)
Stlth   +.........               (no amulet)
HPRegen 0.24/turn                (no ring)
MPRegen 0.11/turn                (no ring)

@: brilliant, lethally poisoned (-1 -> -7), wereblooded
A: high MP 1, forlorn, divine attributes
a: no special abilities


You were in a sewer.
You visited 1 branch of the dungeon, and saw 3 of its levels.
You also visited: Sewer.

You collected 91 gold pieces.

Inventory:

Hand Weapons
 d - a +0 dagger
Armour
 a - a +0 robe (worn)
Scrolls
 c - a scroll of identify
 f - 2 scrolls of teleportation
Potions
 g - a potion of magic
 i - a potion of mutation


   Skills:
 + Level 1.4 Fighting
 + Level 2.2 Dodging
 * Level 3.2 Unarmed Combat
 * Level 2.1 Spellcasting
 + Level 2.2 Transmutations


You had one spell level left.
You knew the following spells:

 Your Spells              Type           Power      Damage    Failure   Level
a - Beastly Appendage     Tmut           28%        N/A       8%          1
b - Wereblood             Tmut           14%        N/A       11%         2
c - Passwall              Tmut/Erth      6%         N/A       17%         2

Your spell library contained the following spells:

 Spells                   Type           Power      Damage    Failure   Level
 Sandblast                Erth           4%         2d4       19%         1
 Spider Form              Tmut/Pois      8%         N/A       34%         3
 Stone Arrow              Conj/Erth      4%         3d7       47%         3
 Ice Form                 Ice/Tmut       8%         N/A       75%         4


Dungeon Overview and Level Annotations

Branches:
Dungeon (3/15)              Sewer (1/1)

Annotations:
D:2 Robin


Innate Abilities, Weirdness & Mutations

You have an increased reservoir of magic. (+10% MP)
You shall have no god before yourself.
Your divine heritage dramatically boosts your attributes as you level up.


Message History

The jackal barks!
The ball python bites you. The ball python closely misses you.
The ball python attacks as you move away!
The ball python misses you. The ball python completely misses you.
The ball python grabs you. The ball python constricts you.
You escape the ball python's grasp.
Your primal bloodlust has ended.
The adder bites you. The adder closely misses you.
The ball python bites you but does no damage.
The ball python completely misses you. The adder bites you.
The ball python bites you. The ball python barely misses you.
The adder bites you.
You are poisoned.
The adder poisons you!
It was a potion of degeneration.
There was something very wrong with that liquid.
You feel weakened.
You feel dopey.
You feel clumsy.
You feel sick. The ball python bites you.
* * * LOW HITPOINT WARNING * * *
The ball python barely misses you. The adder barely misses you.
The ball python bites you.
* * * LOW HITPOINT WARNING * * *
The ball python closely misses you.
It was a potion of brilliance.
You feel clever all of a sudden.
* * * LOW HITPOINT WARNING * * *
You feel sick. The adder bites you.
* * * LOW HITPOINT WARNING * * *
You are more poisoned.
The adder poisons you! The ball python closely misses you.
The ball python misses you.
Casting: Wereblood (safe; 11% risk of failure)
Confirm with . or Enter, or press ? or * to list all spells.
You feel a surge of power!
Your blood is infused with primal strength.
* * * LOW HITPOINT WARNING * * *
You feel sick. The adder closely misses you. The jackal barely misses you.
The ball python bites you.
You die...

#...........~~~≈~#
#∩.....####.~~~≈~#
###∩.### ####~≈.#
#### #..≈~# ##.≈~#
#†≈.#
..~########~≈~#
....~~~~~~S~≈~#
...≈≈≈≈≈≈≈S@≈r#
~.~.~~~~~~h~≈.#
..#########~≈~# #
#~≈~# ≈≈≈~~.
≈≈≈≈≈≈≈ ≈≈≈≈≈≈≈
#########


You could see an adder, a quokka, a jackal and a ball python.

Vanquished Creatures
  2 worms (D:3)
  A dart slug (D:1)
  6 ball pythons
  4 bats
  4 endoplasms (D:1)
  4 giant cockroaches
  6 goblins
  5 hobgoblins
  A jackal (Sewer)
  2 quokkas
  4 frilled lizards
  A kobold (D:1)
  2 rats
42 creatures vanquished.

Notes
Turn   | Place    | Note
-------+----------+-------------------------------------------
     0 | D:1      | KennySheep the Demigod Transmuter began the quest for the
                  | Orb.
     0 | D:1      | Reached XP level 1. HP: 15/15 MP: 5/5
   124 | D:1      | Reached skill level 1 in Fighting
   259 | D:1      | Reached XP level 2. HP: 19/23 MP: 5/7
   801 | D:1      | Reached skill level 3 in Unarmed Combat
   815 | D:1      | Learned a level 2 spell: Wereblood
   818 | D:1      | Learned a level 2 spell: Passwall
  1451 | D:2      | Reached XP level 3. HP: 25/28 MP: 8/8
  1469 | D:2      | Noticed Robin
  1497 | D:3      | Found a glowing drain.
  1596 | Sewer    | Entered a sewer
  1683 | Sewer    | HP: 1/28 [poisoned by an adder]
  1683 | Sewer    | Slain by a ball python

Illustrated notes

Levels and vault maps discovered:
D:1:      dpeg_arrival_tiny_a, layout_basic
D:2:      layout_basic, basic_altar, uniq_robin
D:3:      layout_rooms, cheibrodos_sewer_entry_drain, lightli_corner_chamber
Sewer:    sewer_fruit_machine

Skill      XL: |  1  2 |
---------------+-------+-----
Fighting       | 1 |  1.4
Dodging        | 2 |  2.2
Spellcasting   | 2 |  2.1
Transmutations | 2 |  2.2
Unarmed Combat | 3 |  3.2

Action                   || total
-------------------------++-------
Melee: Unarmed           ||   146
       Dagger            ||    35
       Kick              ||     5
       Punch             ||     2
       Headbutt          ||     3
 Cast: Beastly Appendage ||     6
       Wereblood         ||     2
  Use: Potion            ||     4
       Scroll            ||     2
 Stab: Sleeping          ||     2
Armor: Robe              ||    49
       Skin              ||     2
Dodge: Dodged            ||   123

Table legend: (Time is in decaauts)
 A = Elapsed time spent in this place.
 B = Non-inter-level travel time spent in this place.
 C = Inter-level travel time spent in this place.
 D = Time resting spent in this place.
 E = Time spent auto-exploring this place.
 F = Levels seen in this place.
 G = Mean time per level.
                   A        B        C        D        E       F      G
               +--------+--------+--------+--------+--------+-----+--------+
         Total |   1685 |   1664 |     21 |    127 |   1141 |   4 |  421.2 |
       Dungeon |   1589 |   1568 |     21 |    127 |   1110 |   3 |  529.7 |
         Sewer |     95 |     95 |      0 |      0 |     31 |   1 |   95.0 |
               +--------+--------+--------+--------+--------+-----+--------+

Top non-repeatable levels by time:
     D:1: 1322 daAuts
     D:2: 162 daAuts
     D:3: 105 daAuts
   Sewer: 95 daAuts
